[Event "Titled Tuesday Blitz November 01 Late 2022"]
[White "Potapova, Margarita"]
[Black "Ardila, Oscar Humberto"]
[WhiteFideId "14126869"]
[BlackFideId "4404742"]
[WhiteElo "2150"]
[BlackElo "1898"]
[Result "1-0"]
[Round "04"]
[TimeControl "180+1"]
[Date "2022.11.02"]
[WhiteClock "0:01:37"]
[BlackClock "0:00:12"]

1. d4 Nf6 2. Bf4 e6 3. e3 Bd6 4. Bg3 O-O 5. Nf3 Nc6 6. Nbd2 a6 7. Bd3 b5 8. c3 Bb7 9. O-O Qe7 10. e4 Bxg3 11. hxg3 e5 12. Re1 d6 13. d5 Nb8 14. b4 Nbd7 15. Nb3 Rab8 16. Na5 Ba8 17. a4 bxa4 18. Rxa4 Nb6 19. Ra1 c5 20. bxc5 dxc5 21. Bxa6 Rfd8 22. Nc4 Nxc4 23. Bxc4 Ne8 24. Nd2 Nd6 25. Bf1 f5 26. exf5 Nxf5 27. c4 Nd4 28. Nf3 Nxf3+ 29. Qxf3 Rf8 30. Qe3 Qf6 31. Qxc5 Rb2 32. Re2 e4 33. Rae1 Rxe2 34. Bxe2 Qc3 35. Rf1 Qd2 36. Qe3 Qxe3 37. fxe3 Rc8 38. Rf4 Re8 39. d6 g5 40. Rf5 h6 41. c5 Bc6 42. Bc4+ Kg7 43. Rf7+ Kg6 44. Rc7 Ba4 45. Bf7+ Kf6 46. Bxe8 Bxe8 1-0


[Site "https://www.chess.com"]

[Event "Titled Tuesday Blitz November 01 Late 2022"]
[White "Predke, Alexandr"]
[Black "Kleiman, Jake"]
[WhiteFideId "24107581"]
[BlackFideId "2020041"]
[WhiteElo "2872"]
[BlackElo "2600"]
[Result "1-0"]
[Round "04"]
[TimeControl "180+1"]
[Date "2022.11.02"]
[WhiteClock "0:02:09"]
[BlackClock "0:01:46"]

1. Nf3 d5 2. g3 e6 3. Bg2 Nf6 4. O-O b5 5. d3 Ke7 6. c4 bxc4 7. dxc4 Bb7 8. Nc3 dxc4 9. Qa4 Nbd7 10. Rd1 Nd5 11. Nxd5+ Bxd5 12. e4 Bb7 13. Qb4+ 1-0


[Site "https://www.chess.com"]

[Event "Titled Tuesday Blitz November 01 Late 2022"]
[White "Prydun, Andriy"]
[Black "Wieczorek, Zbigniew"]
[WhiteFideId "14145898"]
[BlackFideId "1102001"]
[WhiteElo "2163"]
[BlackElo "2270"]
[Result "0-1"]
[Round "04"]
[TimeControl "180+1"]
[Date "2022.11.02"]
[WhiteClock "0:00:01"]
[BlackClock "0:00:12"]

1. e4 g6 2. d4 Bg7 3. Nc3 c6 4. h3 d6 5. a4 Nf6 6. Be3 O-O 7. Qd2 e5 8. dxe5 dxe5 9. Bc4 Qxd2+ 10. Bxd2 a5 11. Nf3 Nh5 12. Rd1 Nf4 13. O-O Be6 14. Ba2 Bxa2 15. Bxf4 exf4 16. Nxa2 Na6 17. Nd2 Nc5 18. b3 b5 19. axb5 cxb5 20. f3 Rfd8 21. Nb1 b4 22. Kf2 Rac8 23. Rxd8+ Rxd8 24. Ke2 Ne6 25. Rd1 Nd4+ 26. Kf2 Rc8 27. c3 Nxb3 28. Rd3 Nc5 29. Rd5 b3 30. Nc1 a4 31. Ne2 Ne6 32. Ra5 Rc4 33. Nc1 Bf8 34. Ra8 Kg7 35. Nd3 a3 36. Nxa3 Rxc3 37. Nb4 b2 0-1


[Site "https://www.chess.com"]

[Event "Titled Tuesday Blitz November 01 Late 2022"]
[White "Qashashvili, Alexandre"]
[Black "Luxama, Jacques Muller"]
[WhiteFideId "13600842"]
[BlackFideId "11900113"]
[WhiteElo "2405"]
[BlackElo "1931"]
[Result "0-1"]
[Round "04"]
[TimeControl "180+1"]
[Date "2022.11.02"]
[WhiteClock "0:00:02"]
[BlackClock "0:00:39"]

1. e4 c5 2. Nc3 Nc6 3. Nf3 g6 4. d3 Bg7 5. Be3 d6 6. Qd2 e5 7. Nd5 h6 8. Be2 Nge7 9. Nxe7 Qxe7 10. O-O f5 11. exf5 gxf5 12. c4 f4 13. Bxf4 exf4 14. Qxf4 Qf6 15. Qg3 O-O 16. Rae1 Qxb2 17. Qxd6 Qb6 18. Qd5+ Kh7 19. Rb1 Nb4 20. Qh5 Qd6 21. Ng5+ Kg8 22. Ne4 Qe5 23. Qxe5 Bxe5 24. Nxc5 Nxa2 25. Bf3 Nc3 26. Bxb7 Bxb7 27. Rxb7 Bd4 28. Ne6 Ne2+ 29. Kh1 Rxf2 30. Rxf2 Bxf2 31. g4 Re8 32. Ng7 Re3 33. Nh5 Rxd3 34. Nf6+ Kf8 35. Nd5 Nf4 36. Nxf4 Rc3 37. Ne6+ Ke8 0-1


[Site "https://www.chess.com"]

[Event "Titled Tuesday Blitz November 01 Late 2022"]
[White "Rodriguez Santiago, Jaime"]
[Black "Gasparyan, David"]
[WhiteFideId "3100898"]
[BlackFideId "13311980"]
[WhiteElo "2025"]
[BlackElo "2361"]
[Result "0-1"]
[Round "04"]
[TimeControl "180+1"]
[Date "2022.11.02"]
[WhiteClock "0:02:06"]
[BlackClock "0:02:23"]

1. c4 Nf6 2. Nc3 e6 3. g3 d5 4. cxd5 exd5 5. d4 c6 6. Bg2 Bd6 7. e3 Bf5 8. f4 Na6 9. Nf3 h5 10. h3 Qe7 11. O-O O-O-O 12. Ne5 Rdg8 13. Qe2 Nc7 14. a4 g5 15. Kh1 gxf4 16. gxf4 h4 17. a5 Nh5 18. Rf3 Ng3+ 19. Rxg3 hxg3 20. a6 Bxe5 21. axb7+ Kb8 22. dxe5 Bxh3 23. Bxh3 Rxh3+ 24. Kg1 Rgh8 0-1


[Site "https://www.chess.com"]

[Event "Titled Tuesday Blitz November 01 Late 2022"]
[White "Romero Ruscalleda, Josep"]
[Black "Soto Vega, Jorge"]
[WhiteFideId "2231859"]
[BlackFideId "3800580"]
[WhiteElo "2286"]
[BlackElo "2263"]
[Result "0-1"]
[Round "04"]
[TimeControl "180+1"]
[Date "2022.11.02"]
[WhiteClock "0:00:43"]
[BlackClock "0:01:58"]

1. e4 d5 2. exd5 Qxd5 3. Nc3 Qa5 4. Bc4 Nf6 5. d3 c6 6. Nf3 Bg4 7. O-O Nbd7 8. Bd2 Qc7 9. h3 Bh5 10. Re1 e6 11. Ne4 Be7 12. Ng3 Bg6 13. Bg5 O-O 14. Qd2 b5 15. Bb3 a5 16. a4 Nc5 17. Bf4 Nxb3 18. Bxc7 Nxd2 19. Nxd2 Nd5 20. Be5 f6 21. Bd4 e5 22. Bc3 b4 23. d4 bxc3 24. bxc3 exd4 25. c4 Bb4 26. cxd5 Bxd2 27. Re7 cxd5 28. f4 Bc3 29. Rf1 Bxc2 30. f5 Bxa4 31. Rb1 Rf7 32. Rbb7 Rxe7 33. Rxe7 d3 34. Nh5 d2 35. Rxg7+ Kh8 36. Nxf6 d1=Q+ 37. Kh2 Bxf6 0-1


[Site "https://www.chess.com"]

[Event "Titled Tuesday Blitz November 01 Late 2022"]
[White "Rustemov, Alexander"]
[Black "Jaferian, Koosha"]
[WhiteFideId "4119002"]
[BlackFideId "12507440"]
[WhiteElo "2919"]
[BlackElo "2127"]
[Result "1-0"]
[Round "04"]
[TimeControl "180+1"]
[Date "2022.11.01"]
[WhiteClock "0:00:46"]
[BlackClock "0:00:08"]

1. d4 Nf6 2. c4 e6 3. Nf3 b6 4. g3 Ba6 5. b3 Bb4+ 6. Bd2 Be7 7. Bg2 c6 8. O-O O-O 9. Bc3 d5 10. Ne5 Nfd7 11. Nxd7 Nxd7 12. Nd2 Nf6 13. e4 Bb7 14. Re1 Qc7 15. Qc2 Rfd8 16. Rad1 c5 17. exd5 exd5 18. dxc5 d4 19. Bxb7 dxc3 20. Bxa8 cxd2 21. Rxd2 Rxa8 22. cxb6 axb6 23. Red1 h6 24. Qf5 Ra5 25. Qf3 Re5 26. Re2 Rxe2 27. Qxe2 Bc5 28. Qf3 Qe5 29. Rd8+ Kh7 30. Kg2 Qe4 31. Qxe4+ Nxe4 32. f3 Nc3 33. a4 Ne2 34. Rd2 Nc1 35. Rb2 Nd3 36. Rb1 Bb4 37. f4 Kg6 38. Kf3 Nc5 39. g4 Kf6 40. h4 g5 41. fxg5+ hxg5 42. h5 Nd3 43. Ke4 Nf2+ 44. Kf3 Nd3 45. Rd1 Ne5+ 46. Kg3 Bf8 47. Rd5 Ke6 48. Rb5 Bd6 49. Kh3 Bc5 50. a5 Nd7 51. a6 1-0


[Site "https://www.chess.com"]

[Event "Titled Tuesday Blitz November 01 Late 2022"]
[White "Sailer, Mike"]
[Black "Jaskolka, Tomasz"]
[WhiteFideId "2012901"]
[BlackFideId "1170791"]
[WhiteElo "2109"]
[BlackElo "2126"]
[Result "0-1"]
[Round "04"]
[TimeControl "180+1"]
[Date "2022.11.02"]
[WhiteClock "0:00:07"]
[BlackClock "0:00:47"]

1. Nf3 d5 2. c4 c6 3. g3 Nf6 4. Bg2 Bg4 5. O-O e6 6. Qb3 Qb6 7. d3 Qxb3 8. axb3 Nbd7 9. Be3 a6 10. Nc3 Bd6 11. Na4 O-O 12. h3 Bh5 13. g4 Bg6 14. Nh4 Rfe8 15. Nxg6 hxg6 16. Bd2 Nc5 17. Nxc5 Bxc5 18. b4 Bd6 19. e4 dxe4 20. dxe4 Red8 21. Bc3 Bf4 22. Rfd1 Kf8 23. Kf1 Ke7 24. Ke2 g5 25. Rxd8 Rxd8 26. b5 cxb5 27. cxb5 axb5 28. Ra5 Kd6 29. Rxb5 Kc6 30. Ra5 b6 31. e5+ Nd5 32. Bxd5+ Rxd5 33. Ra7 Rd7 34. Rxd7 Kxd7 35. Kd3 Kc6 36. Kc4 b5+ 37. Kd4 Bh2 38. b3 Bf4 39. Bb4 f6 40. exf6 gxf6 41. Be7 Be5+ 42. Ke4 Kd7 43. Bc5 Bb2 44. Be3 Kd6 45. f4 gxf4 46. Bxf4+ Ke7 47. h4 Kf7 48. h5 Bc3 49. Be3 Kg7 50. Bd4 Bxd4 51. Kxd4 Kh6 52. Kc5 f5 53. gxf5 exf5 54. Kxb5 f4 55. Kc4 Kxh5 56. b4 f3 57. Kd3 Kg4 58. Kd2 Kg3 59. b5 f2 60. b6 f1=Q 61. b7 Qf4+ 0-1


[Site "https://www.chess.com"]

[Event "Titled Tuesday Blitz November 01 Late 2022"]
[White "Salman, Pavel"]
[Black "Rose, Felix"]
[WhiteFideId "24153753"]
[BlackFideId "5105722"]
[WhiteElo "2187"]
[BlackElo "2039"]
[Result "1-0"]
[Round "04"]
[TimeControl "180+1"]
[Date "2022.11.02"]
[WhiteClock "0:00:34"]
[BlackClock "0:00:06"]

1. d4 Nf6 2. Nc3 d5 3. Bf4 c5 4. e4 Nxe4 5. Nxe4 dxe4 6. dxc5 Qa5+ 7. c3 Qxc5 8. Qa4+ Nc6 9. Qxe4 Bf5 10. Qe3 e5 11. Nf3 Qxe3+ 12. Bxe3 f6 13. O-O-O Be6 14. Bb5 Bxa2 15. Kc2 Be6 16. Ra1 a6 17. Bxc6+ bxc6 18. Ra5 Bd6 19. Rha1 Bc8 20. Bc5 Bc7 21. R5a4 Bb7 22. b4 O-O-O 23. Nd2 Rd5 24. f3 Rhd8 25. Nc4 Re8 26. Re1 Kb8 27. Raa1 Bc8 28. h3 h5 29. h4 f5 30. Kb3 e4 31. fxe4 Rxe4 32. Rxe4 fxe4 33. Re1 Bf5 34. Ne3 Re5 35. Nxf5 Rxf5 36. Rxe4 a5 37. Re8+ Kb7 38. Re7 Kc8 39. Rxg7 axb4 40. cxb4 Rf4 41. Be7 1-0


[Site "https://www.chess.com"]

[Event "Titled Tuesday Blitz November 01 Late 2022"]
[White "Sanal, Vahap"]
[Black "Ramirez, Alejandro"]
[WhiteFideId "6300545"]
[BlackFideId "6500617"]
[WhiteElo "2574"]
[BlackElo "2694"]
[Result "1-0"]
[Round "04"]
[TimeControl "180+1"]
[Date "2022.11.01"]
[WhiteClock "0:00:09"]
[BlackClock "0:00:04"]

1. e4 c5 2. Nf3 e6 3. d4 cxd4 4. Nxd4 Nc6 5. Nc3 Qc7 6. g3 a6 7. Bg2 d6 8. O-O Bd7 9. Nce2 Be7 10. b3 b5 11. Bb2 Nf6 12. Rc1 O-O 13. c4 b4 14. f4 Rfe8 15. Kh1 Bf8 16. Qd3 Rad8 17. Rcd1 Nxd4 18. Nxd4 Bc8 19. Nc2 Nd7 20. Qe2 a5 21. Nd4 Bb7 22. g4 Nc5 23. g5 e5 24. Nb5 Qe7 25. h4 exf4 26. Rxf4 Nxe4 27. Kh2 Nc5 28. Qxe7 Rxe7 29. Bxb7 Nxb7 30. Rd2 Nc5 31. Rf5 g6 32. Rfd5 Ne4 33. Re2 Rde8 34. Rg2 Bg7 35. Bd4 Bxd4 36. Nxd4 Nc3 37. Rxa5 Re4 38. Nf3 Rf4 39. Kg3 Ree4 40. Rd2 Rg4+ 41. Kf2 Ref4 42. Rd3 Ne4+ 43. Ke3 Ng3 44. Nd4 Nf1+ 45. Ke2 Ng3+ 46. Ke3 Re4+ 47. Kf3 Nh5 48. Nb5 Rgf4+ 49. Kg2 Rxh4 50. Nxd6 Reg4+ 51. Kf2 Rh2+ 52. Kf1 Ng3+ 53. Ke1 Nf5 54. Ra8+ Kg7 55. Ne8+ Kf8 56. Nf6+ Ke7 57. Re8# 1-0


[Site "https://www.chess.com"]

[Event "Titled Tuesday Blitz November 01 Late 2022"]
[White "Sanchez, Robert"]
[Black "Rosen, Eric"]
[WhiteFideId "2034360"]
[BlackFideId "2032562"]
[WhiteElo "2407"]
[BlackElo "2362"]
[Result "0-1"]
[Round "04"]
[TimeControl "180+1"]
[Date "2022.11.02"]
[WhiteClock "0:00:13"]
[BlackClock "0:01:21"]

1. Nf3 d5 2. e3 Nf6 3. c4 e6 4. Nc3 Bd6 5. b3 O-O 6. Bb2 Qe7 7. a3 a6 8. b4 b6 9. Be2 Bb7 10. O-O Nbd7 11. d3 Rfe8 12. Qc2 c5 13. b5 a5 14. a4 Rad8 15. Rfe1 Nf8 16. d4 Ng6 17. cxd5 exd5 18. dxc5 bxc5 19. Bd3 Bb8 20. Ne2 d4 21. exd4 Bxf3 22. gxf3 Nh4 23. dxc5 Nxf3+ 24. Kf1 Ng4 25. Bxh7+ Kh8 26. Qf5 Qh4 27. Ng3 Qh3# 0-1


[Site "https://www.chess.com"]

[Event "Titled Tuesday Blitz November 01 Late 2022"]
[White "Sarana, Alexey"]
[Black "Bayo Milagro, Alvaro"]
[WhiteFideId "24133795"]
[BlackFideId "22275240"]
[WhiteElo "2689"]
[BlackElo "2270"]
[Result "1-0"]
[Round "04"]
[TimeControl "180+1"]
[Date "2022.11.01"]
[WhiteClock "0:01:32"]
[BlackClock "0:00:41"]

1. c4 e5 2. Nc3 Nf6 3. Nf3 Nc6 4. g3 d5 5. cxd5 Nxd5 6. Bg2 Nb6 7. O-O Be7 8. d3 O-O 9. a3 Be6 10. Be3 f6 11. Ne4 Nd5 12. Bc5 b6 13. Bxe7 Qxe7 14. Rc1 Nd4 15. Nxd4 exd4 16. Rc6 Rad8 17. Qc2 Kh8 18. Rc1 f5 19. Nd2 f4 20. Nf3 fxg3 21. hxg3 Bd7 22. Nxd4 Bxc6 23. Nxc6 Qf7 24. e4 Nf6 25. Nxd8 Rxd8 26. Qxc7 Qe8 27. Qxa7 Qh5 28. Qxb6 Rf8 29. Qc5 Qf7 30. Rc2 Ng4 31. Qf5 1-0


[Site "https://www.chess.com"]

[Event "Titled Tuesday Blitz November 01 Late 2022"]
[White "Sargsyan, Anna M."]
[Black "Jobava, Baadur"]
[WhiteFideId "13308130"]
[BlackFideId "13601520"]
[WhiteElo "2284"]
[BlackElo "2582"]
[Result "0-1"]
[Round "04"]
[TimeControl "180+1"]
[Date "2022.11.01"]
[WhiteClock "0:00:03"]
[BlackClock "0:01:13"]

1. d4 Nf6 2. c4 c5 3. d5 d6 4. Nc3 g6 5. e4 Bg7 6. f4 O-O 7. Nf3 e6 8. dxe6 Bxe6 9. Bd3 Nc6 10. O-O Bg4 11. h3 Bxf3 12. Qxf3 Nd7 13. Nd5 a6 14. Kh1 Rb8 15. Rb1 b5 16. b3 Nb6 17. Be3 Nxd5 18. cxd5 Nb4 19. Be2 Nxa2 20. e5 Nc3 21. Rbc1 dxe5 22. Bxc5 e4 23. Qf2 Re8 24. d6 e3 25. Qf3 Ne4 26. Rfd1 Nf2+ 27. Kh2 Nxd1 28. Rxd1 Qd7 29. b4 Rbc8 30. Rd5 f5 31. Qf1 Kh8 32. Qd1 Re4 33. g3 h5 34. Bf3 Ree8 35. Qd3 Bf6 36. h4 Kg7 37. Be2 Kh6 38. Bf3 Re6 39. Be2 Re4 40. Kg2 Rce8 41. Kh2 Rc4 42. Kg2 Rc3 43. Qd1 Re4 44. Qb1 Qc6 45. Qd1 Rd4 0-1


[Site "https://www.chess.com"]

[Event "Titled Tuesday Blitz November 01 Late 2022"]
[White "Saucey, Michel"]
[Black "Perske, Thore"]
[WhiteFideId "601845"]
[BlackFideId "12902195"]
[WhiteElo "2253"]
[BlackElo "2336"]
[Result "1/2-1/2"]
[Round "04"]
[TimeControl "180+1"]
[Date "2022.11.02"]
[WhiteClock "0:00:36"]
[BlackClock "0:00:20"]

1. d4 d5 2. c4 e5 3. dxe5 d4 4. Nf3 Nc6 5. a3 Be6 6. Nbd2 Nge7 7. b4 Ng6 8. Bb2 Ngxe5 9. Nxe5 Nxe5 10. e3 dxe3 11. Bxe5 exd2+ 12. Qxd2 Qxd2+ 13. Kxd2 a5 14. c5 axb4 15. axb4 Rxa1 16. Bxa1 b6 17. Bd4 bxc5 18. bxc5 Bd5 19. f3 Kd7 20. Bd3 Be7 21. Ra1 Bf6 22. Bxf6 gxf6 23. Bb5+ c6 24. Ra7+ Ke6 25. Be2 Rb8 26. g3 Rb2+ 27. Ke3 Rb3+ 28. Kf4 Rc3 29. Ra8 Rxc5 30. Rh8 Rc2 31. Ke3 c5 32. Rxh7 c4 33. Rh8 Rc3+ 34. Kd4 Rc2 35. Ke3 Rc3+ 36. Kd2 Ra3 37. Re8+ Kd6 38. Re3 Ra2+ 39. Kc3 Kc5 40. f4 Ra3+ 41. Kd2 Ra2+ 42. Kc3 Ra3+ 43. Kd2 Ra2+ 44. Kc3 1/2-1/2


[Site "https://www.chess.com"]

[Event "Titled Tuesday Blitz November 01 Late 2022"]
[White "Schrik, Rachid"]
[Black "Richter, Paul"]
[WhiteFideId "1009818"]
[BlackFideId "2046350"]
[WhiteElo "2098"]
[BlackElo "2570"]
[Result "1-0"]
[Round "04"]
[TimeControl "180+1"]
[Date "2022.11.02"]
[WhiteClock "0:00:05"]
[BlackClock "0:00:02"]

1. d4 Nf6 2. c4 g6 3. Nc3 Bg7 4. e4 d6 5. f3 c5 6. d5 O-O 7. Bg5 e6 8. Qd2 exd5 9. cxd5 h5 10. Bd3 Re8 11. Nge2 a6 12. a4 Nbd7 13. Bh6 Bxh6 14. Qxh6 Ne5 15. Bc2 Qb6 16. O-O Qxb2 17. Rac1 b5 18. h3 b4 19. Nd1 Qa3 20. f4 Neg4 21. hxg4 Bxg4 22. e5 Nh7 23. Bxg6 fxg6 24. Qxg6+ Kh8 25. Qxd6 Bxe2 26. Nf2 Bxf1 27. Rxf1 Qe3 28. Kh1 Rg8 29. Nh3 Qg3 30. Rf2 b3 31. e6 Qg7 32. f5 b2 33. Rxb2 Qxb2 34. Nf4 Qf6 35. Ng6+ Rxg6 36. fxg6 Qxg6 37. Qe5+ Qf6 38. Qe4 Rg8 39. d6 Qg5 40. d7 Qe7 41. Qe5+ Nf6 42. a5 Rd8 43. Qf5 Kg8 44. Qg5+ Qg7 45. Qf5 Kf8 46. Qe5 Qe7 47. Qf5 Kg8 48. Qg5+ Qg7 49. Qxc5 Qf8 50. e7 Nxd7 51. exf8=Q+ Nxf8 52. Qg5+ 1-0


[Site "https://www.chess.com"]

[Event "Titled Tuesday Blitz November 01 Late 2022"]
[White "Shapiro, Daniel"]
[Black "Hoffmann, Asa"]
[WhiteFideId "2001780"]
[BlackFideId "2001470"]
[WhiteElo "2274"]
[BlackElo "2117"]
[Result "1-0"]
[Round "04"]
[TimeControl "180+1"]
[Date "2022.11.02"]
[WhiteClock "0:01:05"]
[BlackClock "0:01:02"]

1. Nf3 d6 2. b3 e5 3. c4 Nf6 4. Bb2 c5 5. d3 Nc6 6. g3 Be7 7. Bg2 O-O 8. O-O h6 9. Nbd2 Be6 10. e3 Qd7 11. d4 cxd4 12. exd4 e4 13. d5 exf3 14. Bxf3 Bh3 15. dxc6 bxc6 16. Re1 Rfe8 17. Rxe7 Rxe7 18. Bxf6 gxf6 19. Ne4 Re6 20. Nc5 Qe7 21. Nxe6 fxe6 22. Bxc6 Rc8 23. Qh5 Bf5 24. Bf3 Kg7 25. Re1 Bg6 26. Qh3 Re8 27. Bc6 Rc8 28. Bd5 Bf5 29. Qxf5 1-0


[Site "https://www.chess.com"]

[Event "Titled Tuesday Blitz November 01 Late 2022"]
[White "Shipov, Sergei"]
[Black "Xiong, Jeffery"]
[WhiteFideId "4113624"]
[BlackFideId "2047640"]
[WhiteElo "2772"]
[BlackElo "2725"]
[Result "1-0"]
[Round "04"]
[TimeControl "180+1"]
[Date "2022.11.01"]
[WhiteClock "0:01:11"]
[BlackClock "0:00:19"]

1. d4 Nf6 2. c4 e6 3. Nc3 Bb4 4. Qc2 c5 5. dxc5 Bxc5 6. Nf3 Qb6 7. e3 Qc7 8. b3 b6 9. Bb2 Bb7 10. Be2 a6 11. O-O-O Nc6 12. a3 Ng4 13. Ne4 Nxf2 14. Bxg7 Bxe3+ 15. Kb2 Nxd1+ 16. Rxd1 O-O-O 17. Bxh8 Rxh8 18. Qc3 Rg8 19. Nd6+ Kb8 20. Qxe3 Rxg2 21. Kb1 Ba8 22. Ne1 Rxh2 23. Ne8 Rxe2 24. Qxe2 Qg3 25. Qd3 Qxd3+ 26. Nxd3 Nd4 27. Ne5 Nxb3 28. Rxd7 Be4+ 29. Kb2 Nc5 30. Rxf7 1-0


[Site "https://www.chess.com"]

[Event "Titled Tuesday Blitz November 01 Late 2022"]
[White "Silva Lucena, Cristian"]
[Black "Velikanov, Alexander"]
[WhiteFideId "2232588"]
[BlackFideId "2039290"]
[WhiteElo "2223"]
[BlackElo "2259"]
[Result "0-1"]
[Round "04"]
[TimeControl "180+1"]
[Date "2022.11.02"]
[WhiteClock "0:00:06"]
[BlackClock "0:00:09"]

1. e4 c5 2. Nf3 Nc6 3. d4 cxd4 4. Nxd4 Qb6 5. Nb3 Nf6 6. Nc3 e6 7. Be3 Qc7 8. a3 a6 9. f4 h5 10. e5 Ng4 11. Bg1 d5 12. h3 Ngxe5 13. fxe5 Nxe5 14. Bh2 Bd6 15. Qd2 Nd3+ 16. Bxd3 Bxh2 17. Ne2 Bd7 18. O-O-O Be5 19. Kb1 O-O-O 20. Rhf1 f5 21. Qb4 h4 22. Qc5 Rhf8 23. Qxc7+ Kxc7 24. Nc5 Bc8 25. Rde1 Bd6 26. Nb3 e5 27. c3 Rf6 28. Ng1 Rdf8 29. Nf3 e4 30. Nfd4 exd3 31. Rd1 Rg6 32. Rf2 Rg3 33. Nf3 g5 34. Rxd3 f4 35. Rxd5 Bf5+ 36. Ka1 Be6 37. Rfd2 Bxd5 38. Rxd5 g4 39. hxg4 h3 40. gxh3 Rxf3 41. Nd4 Rxh3 42. Ne6+ Kc6 43. Rxd6+ Kxd6 44. Nxf8 f3 45. g5 f2 46. g6 f1=Q+ 0-1


[Site "https://www.chess.com"]

[Event "Titled Tuesday Blitz November 01 Late 2022"]
[White "Sivakumar, Shaaketh"]
[Black "Roque Sola, Jose Luis"]
[WhiteFideId "30940176"]
[BlackFideId "5120390"]
[WhiteElo "2174"]
[BlackElo "2117"]
[Result "0-1"]
[Round "04"]
[TimeControl "180+1"]
[Date "2022.11.02"]
[WhiteClock "0:01:38"]
[BlackClock "0:00:15"]

1. d4 Nf6 2. Nf3 g6 3. Nc3 d5 4. Bf4 Bg7 5. e3 c6 6. h4 h5 7. Ne5 O-O 8. Be2 Nbd7 9. Qd2 Nxe5 10. Bxe5 Bf5 11. O-O-O b5 12. Rdg1 b4 13. Nd1 Qa5 14. Kb1 Ne4 15. Qc1 Bxe5 16. dxe5 b3 17. axb3 Nd2+ 18. Qxd2 Qxd2 19. Nc3 Qxc2+ 20. Ka2 Rfb8 21. Bd1 Qd2 22. g4 Bxg4 23. f3 Be6 24. Ne2 Qxe3 25. f4 d4 26. Rg3 Qe4 27. Rhh3 a5 28. Rd3 a4 29. Rxd4 axb3# 0-1


[Site "https://www.chess.com"]

[Event "Titled Tuesday Blitz November 01 Late 2022"]
[White "Sjugirov, Sanan"]
[Black "Goltsev, Dmitry"]
[WhiteFideId "4189302"]
[BlackFideId "24176710"]
[WhiteElo "2609"]
[BlackElo "2257"]
[Result "1/2-1/2"]
[Round "04"]
[TimeControl "180+1"]
[Date "2022.11.01"]
[WhiteClock "0:00:10"]
[BlackClock "0:00:13"]

1. Nf3 d5 2. g3 Nf6 3. Bg2 c5 4. O-O Nc6 5. d4 cxd4 6. Nxd4 e5 7. Nxc6 bxc6 8. c4 Be7 9. Nc3 Be6 10. Bg5 e4 11. Qa4 O-O 12. Rad1 Qb6 13. cxd5 cxd5 14. Bxf6 Bxf6 15. Nxd5 Bxd5 16. Rxd5 Qxb2 17. e3 Rfe8 18. Bxe4 Rab8 19. Bf3 Re7 20. Rfd1 g6 21. R5d2 Qc3 22. Rc2 Qb4 23. Qa6 Qb6 24. Qe2 Qa5 25. Kg2 Kg7 26. h4 Qa3 27. Rd3 Qb4 28. Rb3 Qd6 29. Rc6 Qe5 30. Rxb8 Qxb8 31. Bd5 Qb2 32. Qf3 h5 33. Ra6 Qe5 34. Bb3 Rc7 35. Ra4 Re7 36. Rf4 Qd6 37. Rc4 Qe5 38. Qc6 Re6 39. Qa8 Re7 40. Rb4 Qc7 41. Bd5 Kh7 42. Rf4 Kg7 43. Rf3 Qe5 44. Bb3 Rc7 45. Qd5 Qxd5 46. Bxd5 Rd7 47. Bb3 Rc7 48. Rf4 a5 49. Ra4 Bc3 50. Re4 Bb4 51. Rd4 Re7 52. Rc4 Rd7 53. Rf4 Re7 54. Kf3 Bd6 55. Rd4 Bb4 56. Rd5 Re6 57. Rd7 Re7 58. Rd4 Rc7 59. Rd3 Re7 60. Kg2 Kf6 61. f4 Kg7 62. Kf3 Rc7 63. g4 hxg4+ 64. Kxg4 Re7 65. Kf3 Rc7 66. Kg4 Be7 67. h5 f5+ 68. Kf3 gxh5 69. Rd5 Rc5 70. Rd7 Kf6 71. Ra7 Rc3 72. Ra6+ Kg7 73. Rxa5 Bc5 74. Kg2 h4 75. Rb5 Bxe3 76. Rxf5 Bd2 77. Rg5+ Kf6 78. Rh5 h3+ 79. Rxh3 Rxh3 80. Kxh3 Bxf4 81. Kg2 Bc7 82. Kf3 Ke5 83. Ke2 Kd6 84. Kd3 Kc5 85. Kc2 Kb6 86. a4 Ka7 87. a5 Bb8 88. a6 Kxa6 1/2-1/2


[Site "https://www.chess.com"]

[Event "Titled Tuesday Blitz November 01 Late 2022"]
[White "Sokolovsky, Yahli"]
[Black "Galchenko, Matvey"]
[WhiteFideId "2820242"]
[BlackFideId "24175480"]
[WhiteElo "2316"]
[BlackElo "2423"]
[Result "1/2-1/2"]
[Round "04"]
[TimeControl "180+1"]
[Date "2022.11.01"]
[WhiteClock "0:00:19"]
[BlackClock "0:00:27"]

1. b3 d5 2. e3 Bf5 3. Bb2 e6 4. d4 Qf6 5. Bd3 Nc6 6. Ne2 Bd6 7. Nbc3 a6 8. Bxf5 Qxf5 9. Ng3 Qg6 10. e4 Bxg3 11. hxg3 dxe4 12. Qd2 O-O-O 13. Ne2 Nf6 14. O-O-O Qf5 15. Qf4 Qxf4+ 16. Nxf4 Ng4 17. Nh3 f6 18. Rhe1 f5 19. f3 Nf6 20. Ng5 Rhe8 21. fxe4 h6 22. Nf7 Rd7 23. exf5 Rxf7 24. fxe6 Rff8 25. Ba3 Rg8 26. d5 Ne7 27. c4 Nf5 28. Rd3 b6 29. b4 Rd8 30. Re5 Rge8 31. Rxf5 Rxe6 32. Rf2 Re1+ 33. Kb2 Ne4 34. Rc2 Rf8 35. c5 Rff1 36. Kb3 b5 37. d6 Rb1+ 38. Bb2 Rfd1 39. d7+ Kd8 40. Rxd1 Rxd1 41. c6 Rd3+ 42. Bc3 Rd6 43. Re2 Re6 44. Kb2 Ng5 45. Rxe6 Nxe6 46. Be5 h5 47. Kc3 Ke7 48. Kd3 Nd8 49. Bxc7 Nxc6 50. Ke4 Kxd7 51. Ba5 Nxa5 52. bxa5 Ke6 53. a3 g5 54. Kd4 Kd6 55. Ke4 Kc5 56. Kf5 b4 57. axb4+ Kxb4 58. Kxg5 Kxa5 59. Kxh5 Kb5 60. g4 a5 61. g5 a4 62. g6 a3 63. g7 a2 64. g8=Q a1=Q 65. Qb8+ Kc6 66. Qc8+ Kd6 67. Qd8+ Ke6 68. Qe8+ Kd6 69. Qg6+ Ke7 70. Qh7+ Kf8 71. Qf5+ Kg7 72. Qd7+ Kh8 73. Qe8+ Kg7 74. Qe7+ Kg8 75. g4 Qh1+ 76. Kg6 Qc6+ 77. Kg5 Qd5+ 78. Kh4 Qh1+ 79. Kg5 Qd5+ 80. Kg6 Qd3+ 81. Kh5 Qh3+ 82. Qh4 Qxh4+ 83. Kxh4 Kh8 84. Kg5 Kg7 85. Kh5 Kh7 86. Kg5 Kg7 87. Kf5 Kf7 88. Ke5 Kg6 89. Kf4 Kf6 90. Kg3 Kg6 91. Kh4 Kh6 92. Kh3 Kg5 93. Kg3 Kg6 94. Kf4 Kf6 95. g5+ Kg6 96. Kg4 Kg7 97. Kf5 Kf7 98. Kf4 Kg6 99. Kg4 Kg7 100. Kh5 Kh7 101. g6+ Kg7 102. Kg5 Kg8 103. Kf6 Kf8 104. Kf5 Kg7 105. Kg5 Kg8 106. Kh6 Kh8 107. Kh5 Kg7 108. Kg5 1/2-1/2


[Site "https://www.chess.com"]

[Event "Titled Tuesday Blitz November 01 Late 2022"]
[White "Souleidis, Georgios"]
[Black "Jarocka, Liwia"]
[WhiteFideId "4206827"]
[BlackFideId "21807558"]
[WhiteElo "2401"]
[BlackElo "1989"]
[Result "1-0"]
[Round "04"]
[TimeControl "180+1"]
[Date "2022.11.02"]
[WhiteClock "0:00:07"]
[BlackClock "0:00:15"]

1. e4 e6 2. d4 d5 3. exd5 exd5 4. Nf3 Bd6 5. c4 dxc4 6. Bxc4 Ne7 7. O-O O-O 8. h3 c6 9. Re1 Nd7 10. Nc3 Nb6 11. Bb3 Bb4 12. a3 Bxc3 13. bxc3 Ned5 14. c4 Nf6 15. Bg5 h6 16. Bh4 Bf5 17. a4 Nbd7 18. a5 b6 19. Qd2 bxa5 20. Rxa5 Qb6 21. Qa2 Be6 22. d5 cxd5 23. cxd5 Bf5 24. Ra6 Qb4 25. Bg3 Rfe8 26. Rxe8+ Rxe8 27. d6 Bg6 28. Rxa7 Rd8 29. Ra8 Qb6 30. Rxd8+ Qxd8 31. Qa7 Ne4 32. Qc7 Qxc7 33. dxc7 Nb6 34. Bf4 Nc5 35. Bd5 Bf5 36. Bc6 Bc8 37. Nd4 Ne6 38. Nxe6 fxe6 39. Be3 Nd5 40. Bxd5 exd5 41. Bd4 g6 42. f4 Kf7 43. g4 Ke6 44. Kf2 Kd7 45. Be5 Kc6 46. Ke3 h5 47. f5 hxg4 48. hxg4 gxf5 49. g5 Be6 50. g6 Kd7 51. g7 Kc8 52. Kf4 d4 53. Kf3 Bd5+ 54. Ke2 Be4 55. g8=Q+ 1-0


[Site "https://www.chess.com"]